[Event "Championnat d'Europe de Blitz"]
[Date "2024.12.09"]
[White "Tsolakidou, Stavroula"]
[Black "Kalezic, Blazo"]
[WhiteElo "2451"]
[BlackElo "2382"]
[Round "13.29"]
[Result "0-1"]
[TimeControl "180+2"]

1. e4 e6 2. d4 d5 3. e5 c5 4. c3 Nc6 5. Nf3 Nge7 6. Na3 Nf5 7. Nc2 cxd4 8. cxd4 Be7 9. Bd3 h5 10. O-O g5 11. Bxf5 exf5 12. h4 gxh4 13. Bf4 Be6 14. b4 Rg8 15. Kh2 Rg4 16. Qd2 Qb6 17. Rab1 Kd7 18. a4 Rag8 19. Rg1 R8g6 20. Nfe1 Qd8 21. Nd3 b6 22. f3 Rg3 23. a5 Qg8 24. axb6 axb6 25. Ra1 Bg5 26. Bxg5 R6xg5 27.
Nf4 h3 28.
Nxh3 Rg7 29.
Nf4 h4 30.
Ne3 h3 31.
Nh5 R7g6 32.
Nxg3 Rxg3 33. gxh3 f4 34. Ng4 Qg5 35. Qf2 Bxg4 36. fxg4 Rd3 37. Rad1 Rb3 38. Rdf1 f3 39. Qg3 Nxd4 40. e6+ fxe6 41. Rc1 e5 42. h4 Qe3 43. Rce1 Ne2 44. Rxe2 Qxe2+ 45. Kh1 f2 46.
Qxb3 fxg1=Q+ 47. Kxg1 Qxg4+ 48. Kf1 Ke6 49. Qe3 Qf4+ 50.
Qxf4 exf4 51. Kf2 Kf5 52. Kf3 d4 53. h5 d3 54. h6 Kg6 0-1

[Site "Europe Echecs"]

[Event "Championnat d'Europe de Blitz"]
[Date "2024.12.09"]
[White "Gavrilescu, David"]
[Black "Diermair, Andreas"]
[WhiteElo "2549"]
[BlackElo "2433"]
[Round "13.30"]
[Result "1-0"]
[TimeControl "180+2"]

1. e4 e6 2.
d4 d5 3. Nd2 Nc6 4. Ngf3 Nf6 5. e5 Nd7 6. Nb3 a5 7. a4 b6 8. Bb5 Bb7 9. O-O f6 10. Re1 f5 11. Ng5 Qe7 12. Nh3 Qf7 13. Qf3 Nb4 14. Qd1 c6 15. Be2 c5 16. c3 Nc6 17. Bf3 cxd4 18. Bxd5 Ndxe5 19. Ng5 Qf6 20. Nxe6 1-0

[Site "Europe Echecs"]

[Event "Championnat d'Europe de Blitz"]
[Date "2024.12.09"]
[White "Ochedzan, Tymon"]
[Black "Samunenkov, Ihor"]
[WhiteElo "2247"]
[BlackElo "2543"]
[Round "13.31"]
[Result "0-1"]
[TimeControl "180+2"]

1. e4 e5 2.
Nf3 Nf6 3. Nxe5 d6 4. Nf3 Nxe4 5. Nc3 Nxc3 6. dxc3 Be7 7. Bd3 O-O 8. Bf4 Nd7 9. Qd2 Nc5 10. O-O-O Nxd3+ 11.
cxd3 Be6 12.
Kb1 c5 13.
Rhe1 b5 14.
d4 Bf5+ 15.
Ka1 c4 16. d5 Bf6 17. Nd4 Bxd4 18. Qxd4 Qd7 19. Re3 Rfe8 20.
Rde1 h6 21.
h4 Rxe3 22.
Qxe3 Qb7 23.
g4 Bxg4 24.
Rg1 h5 25.
f3 Bf5 26.
Qd4 Bg6 27.
Bd2 Re8 28.
Bf4 Qe7 29.
Bg3 Qe3 30.
Qxe3 Rxe3 31. Bxd6 Rd3 32. Bc5 Rxd5 33. Bxa7 Rd3 34. Rf1 Bf5 35. Bd4 f6 36. b3 b4 37. Rc1 cxb3 38.
axb3 Rxf3 39. Kb2 Rf4 40. Rh1 Kf7 41. Be3 Rf3 42. Bd4 Rd3 43. Rf1 Rd2+ 44. Kc1 Rc2+ 45. Kd1 bxc3 46. Rxf5 Rd2+ 47. Kc1 Rxd4 48.
Rxh5 Rd2 49. Rc5 Rh2 50. h5 Ke6 51. b4 Kd6 52. Rxc3 Rxh5 53. Rb3 Kc6 54. Kd2 Re5 55. Rc3+ Kb5 56. Rc7 g5 57.
Rb7+ Kc4 58.
Rf7 f5 59.
Rb7 g4 0-1

[Site "Europe Echecs"]

[Event "Championnat d'Europe de Blitz"]
[Date "2024.12.09"]
[White "Mueller, Magnus"]
[Black "Schneider, Ilja"]
[WhiteElo "2166"]
[BlackElo "2414"]
[Round "13.32"]
[Result "1-0"]
[TimeControl "180+2"]

1. d4 d5 2.
Nc3 Nf6 3. Bf4 g6 4. e3 Bg7 5. h4 h5 6. Nf3 O-O 7. Ne5 c5 8. Qd2 Nc6 9. O-O-O Bf5 10. f3 cxd4 11. exd4 Nd7 12. g4 Ndxe5 13. gxf5 Nxf3 14. Qg2 e5 15. Qxf3 exf4 16. fxg6 fxg6 17. Nxd5 Nxd4 18. Rxd4 Bxd4 19. Bc4 Kg7 20. Qe4 Be3+ 21. Nxe3 fxe3 22.
Rg1 Qd6 23.
Bd3 Rae8 24.
Rxg6+ Kh8 25. Rg8+ 1-0

[Site "Europe Echecs"]

[Event "Championnat d'Europe de Blitz"]
[Date "2024.12.09"]
[White "Kiratzopoulos, Efthimios"]
[Black "Zajic, Milan"]
[WhiteElo "2193"]
[BlackElo "2392"]
[Round "13.33"]
[Result "1-0"]
[TimeControl "180+2"]

1. d4 Nf6 2.
Nf3 e6 3. Bg5 c5 4. c3 h6 5. Bh4 d5 6. e3 Be7 7. Nbd2 Nbd7 8. Bd3 b6 9. O-O Bb7 10. Ne5 Nxe5 11. dxe5 Nd7 12. Bxe7 Qxe7 13. f4 O-O-O 14. Qe2 f6 15. exf6 gxf6 16. e4 c4 17. Bc2 Qc5+ 18. Kh1 Kb8 19. Nf3 Rhg8 20. Rad1 Rde8 21. exd5 exd5 22. Qd2 Qc7 23. Nd4 Nc5 24. Rde1 Ne4 25. Bxe4 Rxe4 26. Rxe4 dxe4 27. Qe3 Qg7 28. g3 h5 29. Kg2 h4 30. f5 hxg3 31. hxg3 Rh8 32. Rh1 Rxh1 33. Kxh1 Kc8 34. Kg2 Qg4 35.
Qh6 e3+ 36.
Kh2 Qe4 37.
Qf8+ Kd7 38.
Qf7+ Qe7 39.
Qxe7+ Kxe7 40. Kg1 Kd6 41. Kf1 Ke5 42. Ke2 Ke4 43. Nb5 Bc6 44. Nd6+ Kd5 45. Nf7 Ke4 46. Nd6+ Kd5 47.
Nc8 Bd7 48.
Nxa7 Ke4 49.
g4 Kf4 50.
a4 Bxa4 51.
Nc8 b5 52. Ne7 Bc2 53. Nd5+ Kxg4 54. Nxe3+ Kf4 55. Nxc2 Kxf5 56. Nd4+ 1-0

[Site "Europe Echecs"]

[Event "Championnat d'Europe de Blitz"]
[Date "2024.12.09"]
[White "Cvitan, Ognjen"]
[Black "Alienkin, Aleksander"]
[WhiteElo "2413"]
[BlackElo "2337"]
[Round "13.34"]
[Result "1/2-1/2"]
[TimeControl "180+2"]

1. d4 e6 2.
e4 d5 3. exd5 exd5 4. Nf3 Bd6 5. c4 Nf6 6. c5 Be7 7. Bd3 O-O 8. h3 b6 9. Be3 bxc5 10. dxc5 Na6 11. Qc1 Ne4 12. c6 Nb4 13. Be2 Qd6 14. Bf4 Qxc6 15. Qxc6 Nxc6 16. Bxc7 Bb4+ 17. Kf1 Re8 18. Bf4 Bf5 19. Bb5 Rec8 20. Ba6 Re8 21. Bb7 1/2-1/2

[Site "Europe Echecs"]

[Event "Championnat d'Europe de Blitz"]
[Date "2024.12.09"]
[White "Vuckovic, Zarko"]
[Black "Veljanoski, Andrej"]
[WhiteElo "2334"]
[BlackElo "2304"]
[Round "13.35"]
[Result "1-0"]
[TimeControl "180+2"]

1. e4 b6 2. d4 Bb7 3. Bd3 g6 4. Nf3 Bg7 5. O-O d6 6. Re1 e5 7. Bg5 Ne7 8. c4 h6 9.
Be3 O-O 10.
Nc3 Nd7 11.
Qc2 f5 12.
dxe5 f4 13.
Bd2 Nxe5 14. Be2 N7c6 15. Nd5 g5 16. Bc3 Nxf3+ 17. Bxf3 Bxc3 18.
Qxc3 Ne5 19.
Bd1 g4 20.
Qd2 Qg5 21.
g3 Bxd5 22.
cxd5 Rf7 23.
Kh1 Raf8 24. Rg1 Qh5 25. gxf4 Rxf4 26. Rg2 Qh4 27. Be2 Rxf2 28. Rag1 Kh7 29. Qe3 Rxg2 30. Rxg2 Qe1+ 31. Qg1 Qxg1+ 32. Kxg1 Kg6 33.
Bxg4 Nxg4 34. Rxg4+ Kh7 35. Kg2 Rf6 36. a4 h5 37. Rg5 Kh6 38. Rg8 Rg6+ 39. Rxg6+ Kxg6 40. Kg3 Kg5 41.
h4+ Kg6 42. Kf4 Kf6 43. b3 a5 44. e5+ dxe5+ 45. Ke4 Kf7 46. Kxe5 Ke7 47.
Kf5 Kd6 48.
Kg5 Kxd5 49. Kxh5 c5 50. Kg4 b5 51. h5 c4 52. bxc4+ Kxc4 53. h6 b4 54. h7 Kb3 55. h8=Q Kxa4 56.
Kf3 Kb3 57. Ke2 a4 58. Kd1 a3 59. Kc1 Ka4 60. Qe8+ Kb3 61. Qe3+ Ka4 62. Kc2 1-0

[Site "Europe Echecs"]

[Event "Championnat d'Europe de Blitz"]
[Date "2024.12.09"]
[White "Nikolovski, Nikola"]
[Black "Zlatkov, Anton"]
[WhiteElo "2407"]
[BlackElo "2324"]
[Round "13.36"]
[Result "0-1"]
[TimeControl "180+2"]

1. f4 d5 2. e3 Nf6 3. Nf3 Bf5 4. b3 g6 5. Bb2 Bg7 6. d3 O-O 7. Qe2 c5 8. Nbd2 Nc6 9. h3 Qa5 10. g4 Bc8 11. Bg2 d4 12. e4 b5 13. O-O Bb7 14. a4 bxa4 15. Rxa4 Qc7 16. Nh2 Nb4 17. Nc4 a5 18. g5 Nh5 19. Bc1 Ng3 20. Qf2 Nxf1 21. Bxf1 Bc6 22. Ra3 a4 23. Ng4 axb3 24. cxb3 f5 25. gxf6 exf6 26. f5 Rxa3 27. Nxa3 Qd7 28. Nh6+ Bxh6 29. Bxh6 Re8 30. Qg3 Kh8 31. Qh4 g5 32. Qf2 0-1

[Site "Europe Echecs"]

[Event "Championnat d'Europe de Blitz"]
[Date "2024.12.09"]
[White "Mohr, Georg"]
[Black "Aliyev, Elnur"]
[WhiteElo "2385"]
[BlackElo "2079"]
[Round "13.37"]
[Result "1-0"]
[TimeControl "180+2"]

1. d4 Nf6 2.
Nf3 b6 3. g3 Bb7 4. Bg2 c5 5. dxc5 bxc5 6. O-O g6 7. Be3 d6 8. Qc1 Nbd7 9. c4 Rb8 10. Nc3 Ne4 11. Nxe4 Bxe4 12. Bh6 Qb6 13. b3 Nf6 14. Bxf8 Kxf8 15. Qh6+ Kg8 16. Qe3 Qb7 17. Rfe1 Kg7 18. Bh3 Bxf3 19. exf3 Rhe8 20. f4 a5 21. Bg2 Qb4 22. f5 a4 23. Rab1 axb3 24. axb3 Rb6 25. fxg6 hxg6 26. Bf3 Ra6 27. h4 e5 28. Kg2 Ra3 29.
h5 Rh8 30.
hxg6 fxg6 31. Qd3 Qb6 32. Be4 Nxe4 33. Rxe4 Rh6 34. Re2 Ra8 35. Rg1 Qc6+ 1-0

[Site "Europe Echecs"]

[Event "Championnat d'Europe de Blitz"]
[Date "2024.12.09"]
[White "Ribeiro, Rodrigo"]
[Black "Krallis, Christos"]
[WhiteElo "2143"]
[BlackElo "2383"]
[Round "13.38"]
[Result "0-1"]
[TimeControl "180+2"]

1. d4 Nf6 2.
c4 e6 3. Nf3 d5 4. Nc3 Be7 5. Bf4 O-O 6. e3 a6 7.
cxd5 exd5 8.
Qc2 Bd6 9. Bg5 c6 10. Bd3 h6 11. Bh4 Re8 12. O-O Nbd7 13. Rab1 Nf8 14. b4 Bg4 15. Nd2 Bd7 16. Bg3 Bxg3 17. hxg3 Ne6 18. a4 Ng4 19. b5 axb5 20. axb5 Qg5 21. Be2 Nxe3 22. fxe3 Qxe3+ 23. Rf2 Nxd4 24. Qd3 Nxe2+ 25. Qxe2 Qxc3 26. Qf3 Qxf3 27. Nxf3 c5 28. b6 Bf5 29. Rb5 Rec8 30. Ne5 Be6 31. Nd3 c4 32. Nc5 c3 33. Rf1 d4 34. Nxb7 c2 35. Nc5 Bc4 0-1

[Site "Europe Echecs"]

[Event "Championnat d'Europe de Blitz"]
[Date "2024.12.09"]
[White "Goraj, Barbara"]
[Black "Trushko, Andrii"]
[WhiteElo "2178"]
[BlackElo "2143"]
[Round "13.39"]
[Result "0-1"]
[TimeControl "180+2"]

1. e4 c6 2. d4 d5 3. Nc3 h6 4. e5 Bf5 5. Nf3 e6 6. Be2 a6 7. O-O c5 8. Be3 cxd4 9. Nxd4 Ne7 10. f4 Nbc6 11. Na4 Nxd4 12. Bxd4 Nc6 13. Bb6 Qc8 14. c3 Be7 15. Bd3 Bxd3 16. Qxd3 g6 17. Rac1 h5 18. c4 dxc4 19. Rxc4 O-O 20. Rd1 Qb8 21. Qd7 Bd8 22. Bc5 b5 23. Bxf8 bxc4 24. Qxc6 Kxf8 25. Nc5 Bb6 26. Kh1 Bxc5 27. Qxc5+ Kg7 28. Qxc4 Qxb2 29. h3 Qf2 30. Rf1 Qb6 31. a4 Rd8 32. Rc1 Rd4 33. Qc6 Qxc6 34.
Rxc6 Rxa4 35. g3 h4 36. Kg2 Ra2+ 37. Kg1 hxg3 38. Rc8 a5 39. Ra8 a4 40. Kh1 g5 41. fxg5 Kg6 42. h4 Kh5 43. Kg1 Kxh4 44. Ra7 Kh3 0-1

[Site "Europe Echecs"]

[Event "Championnat d'Europe de Blitz"]
[Date "2024.12.09"]
[White "Vuckovic, Aleksandar"]
[Black "Janik, Igor"]
[WhiteElo "2307"]
[BlackElo "2515"]
[Round "13.40"]
[Result "0-1"]
[TimeControl "180+2"]

1. e4 Nf6 2. e5 Nd5 3. d4 d6 4.
c4 Nb6 5. exd6 cxd6 6. Be3 g6 7. Nf3 Bg7 8. Qc1 Bg4 9. Bh6 Bxh6 10. Qxh6 Bxf3 11. gxf3 Nc6 12. Qg7 Rf8 13. Nc3 e6 14. d5 Ne5 15. dxe6 fxe6 16. O-O-O Qe7 17. Qh6 O-O-O 18. Be2 Nexc4 19. a4 d5 20. Kc2 Qb4 21. b3 Na3+ 22. Kb2 Nbc4+ 23. Bxc4 Nxc4+ 24. Kc2 Rxf3 0-1

[Site "Europe Echecs"]

[Event "Championnat d'Europe de Blitz"]
[Date "2024.12.09"]
[White "Saraci, Nderim"]
[Black "Andonovski, Ljubisa"]
[WhiteElo "2431"]
[BlackElo "2253"]
[Round "13.41"]
[Result "1/2-1/2"]
[TimeControl "180+2"]

1. d4 Nf6 2. c4 e6 3. Nf3 Bb4+ 4. Nc3 O-O 5. Qc2 c5 6. Bg5 h6 7. Bh4 cxd4 8. Nxd4 Nc6 9. e3 d5 10. a3 Nxd4 11. exd4 Bxc3+ 12.
bxc3 dxc4 13. Bxc4 b6 14. O-O Bb7 15. Rfd1 Qc7 16. Bf1 Nd5 17. c4 Rac8 18. Rac1 Qf4 19. Bg3 Qg4 20. Qa4 Nf4 21. Qxa7 Ba8 22. Bxf4 Qxf4 23. Qxb6 Rfd8 24. Qb2 Rb8 25. Qd2 Qg4 26. h3 Qg6 27. Rc3 Rb6 28. Rg3 Qf6 29. c5 Rb7 30. Rf3 Qh4 31. Qf4 Qh5 32. Rfd3 Rbd7 33. Qe3 Rd5 34. Be2 Qh4 35. Bf3 Rg5 36. Bxa8 Rxa8 37. d5 exd5 38. Rxd5 Rxd5 39. Rxd5 Rb8 40. Rd1 Qa4 41. Re1 Ra8 42. Rc1 Qxa3 43. Qxa3 Rxa3 44. c6 Ra8 45. f4 Kf8 46. Kf2 Ke7 47. Rd1 Rc8 48. Rc1 Kd6 49. Rd1+ Kxc6 50.
Kf3 Rb8 51. Kg4 g6 52. h4 Rb5 53. Rd8 h5+ 54. Kf3 Kc7 55. Rd3 Rb6 56. g3 Rd6 57. Re3 Kd7 58. f5 Rd4 59. Re5 Kd6 60. Re4 Rd5 61. fxg6 fxg6 62. Re8 Rf5+ 63. Ke4 Rf1 64. Rg8 Rf6 65. Re8 Kd7 66. Re5 Kd6 67. Ra5 Ke7 68. Ra7+ Kf8 69. Ra5 Kg7 70.
Ra3 Rf1 71.
Rf3 Rxf3 72. Kxf3 Kf7 73. Kf4 Kf6 74. g4 hxg4 75. Kxg4 Kf7 76. h5 gxh5+ 77. Kxh5 1/2-1/2

[Site "Europe Echecs"]

[Event "Championnat d'Europe de Blitz"]
[Date "2024.12.09"]
[White "Reprintsev, Alexander"]
[Black "Baskin, Robert"]
[WhiteElo "2230"]
[BlackElo "2442"]
[Round "13.42"]
[Result "0-1"]
[TimeControl "180+2"]

1. e4 e5 2. f4 exf4 3. Bc4 d5 4. Bxd5 Nf6 5. Nc3 Nxd5 6. Nxd5 g5 7. h4 c6 8. Nc3 Bc5 9. Qh5 Qd4 10. Qf3 Bg4 11. Qf1 f6 12. Nf3 Qd8 13. Qc4 Nd7 14. hxg5 fxg5 15. d4 Bb6 16. Bd2 Qe7 17. O-O-O O-O-O 18. e5 Kb8 19. Ne4 h6 20. Nd6 Be6 21. Qd3 c5 22. Bc3 cxd4 23. Bxd4 Nc5 24. Qc3 Qc7 25. Nb5 Qc6 26. Nd6 a6 27. a3 Bd5 28. Kb1 Ba7 29. Qb4 Ne6 30. Bxa7+ Kxa7 31. Nd4 Qb6 32. Nxe6 Qxb4 33.
axb4 Bxe6 34. c4 h5 35. c5 h4 36. Rdf1 0-1

[Site "Europe Echecs"]

[Event "Championnat d'Europe de Blitz"]
[Date "2024.12.09"]
[White "Stankovic, Milos"]
[Black "Podlesnik, Bogdan"]
[WhiteElo "2462"]
[BlackElo "2288"]
[Round "13.43"]
[Result "1/2-1/2"]
[TimeControl "180+2"]

1. d4 Nf6 2.
Nf3 e6 3. Bg5 c5 4. e3 Qb6 5. Nbd2 Qxb2 6. Bd3 d5 7. Bxf6 gxf6 8. O-O c4 9. Be2 f5 10. Ne5 Nc6 11. Ndf3 f6 1/2-1/2

[Site "Europe Echecs"]

[Event "Championnat d'Europe de Blitz"]
[Date "2024.12.09"]
[White "Maier, Christian"]
[Black "Arnaudov, G. Petar"]
[WhiteElo "2235"]
[BlackElo "2401"]
[Round "13.44"]
[Result "1-0"]
[TimeControl "180+2"]

1. e4 g6 2.
d4 Bg7 3. Nf3 c6 4. h3 d5 5. e5 f6 6. Bf4 Nh6 7. Qd2 Nf7 8. exf6 exf6 9. Bd3 O-O 10. O-O Nd6 11. Nc3 Na6 12. a3 Nc7 13. Rae1 b6 14. Re2 Ba6 15. Rfe1 Bxd3 16. Qxd3 Rf7 17. b3 Qd7 18. a4 a5 19. Nd2 Re8 20.
Rxe8+ Ncxe8 21. Qa6 Qb7 22. Qd3 Qc8 23. Nd1 Bf8 24. c4 Re7 25. Rxe7 Bxe7 26. cxd5 cxd5 27. Nc3 Nc7 28. Nf1 Qe6 29. Ne3 Kf7 30. Bxd6 Bxd6 31. Nb5 Ne8 32. Qc2 Bb4 33. Nc7 Nxc7 34. Qxc7+ Be7 35. Qb7 Qe4 36. Qxd5+ Qxd5 37. Nxd5 Bd8 38. Kf1 Ke6 39. Nc3 f5 40. Ke2 h5 41. Kd3 Bg5 42. Kc4 Bf6 43. Nd5 Bd8 44. Nf4+ Kf7 45. Kb5 1-0

[Site "Europe Echecs"]

[Event "Championnat d'Europe de Blitz"]
[Date "2024.12.09"]
[White "Domingo Nunez, Ruben"]
[Black "Trapp, Maximilian"]
[WhiteElo "2409"]
[BlackElo "2050"]
[Round "13.45"]
[Result "0-1"]
[TimeControl "180+2"]

1. e4 d5 2. exd5 Nf6 3.
Bb5+ Bd7 4. Be2 Nxd5 5. d4 c6 6. c4 Nf6 7. Nc3 Bf5 8. h3 e6 9. Nf3 h6 10. O-O Be7 11. Be3 O-O 12. a3 Nbd7 13. b4 a6 14. d5 cxd5 15. cxd5 exd5 16.
Nxd5 Be4 17. Nxe7+ Qxe7 18. Nd2 Bc6 19. Nc4 Rfd8 20. Na5 Ne5 21. Nxc6 Nxc6 22. Qb3 Nd4 23. Bxd4 Rxd4 24. Bf3 Rad8 25. Rfe1 Qd7 26. Rac1 Rd3 27. Rc3 b6 28. Re3 Rd2 29. Rc2 Rxc2 30.
Qxc2 Rc8 31.
Qe2 a5 32.
Re7 Qd6 33.
g3 axb4 34. axb4 Qxb4 35. Rb7 Qb3 36. Kg2 Re8 37. Qd2 Rc8 38. Qd6 b5 39.
Qa6 Rd8 40.
Rxb5 Qc4 41.
Qa5 Qc8 42. Qa2 Rf8 43. Rb7 Qc5 44. Qb3 Qe5 45. Qb4 Qe6 46. Re7 Qf5 47. Qd4 Qb5 48. h4 Qa5 49. Re5 Qd8 50. Qf4 Qd6 51. Qe3 Rd8 52. Re7 Rf8 53. Rb7 Qa6 54. Rb6 Qa7 55. Qb3 Qd7 56. Qb2 Qc7 57. Rxf6 gxf6 58.
Qxf6 Re8 59.
Qxh6 Re6 60.
Qg5+ Kf8 61. h5 Qe5 62. Qd8+ Kg7 63. Qd2 Rf6 64. Qd3 Qg5 65. Qe4 Qf5 66. Qe3 Re6 67. Qd4+ Rf6 68. Qe3 Re6 69. Qd4+ Qe5 70. Qg4+ Kf8 71.
Qh4 Qf6 72.
Qb4+ Kg7 73. Qg4+ Kf8 74. Bd5 Re5 75. Bf3 Rg5 76. Qe4 Kg7 77. Qe3 Re5 78. Qd4 Rf5 79. Qe3 Re5 80. Qd2 Rf5 81. Qd3 Re5 82. Bg4 Rg5 83. Qe4 Re5 84. Qc4 Qd6 85. Qc3 Qf6 86. Qc4 Qd6 87. Qf4 Qf6 88. h6+ Kg6 89. h7 Qxf4 90. h8=Q Qf6 91. Bh5+ Rxh5 92. Qf8 Qg7 93. Qc8 Re5 94. Qg4+ Kf6 95.
Qf4+ Ke6 96. Qc4+ Ke7 97. Qc7+ Kf6 98. Qd6+ Re6 99. Qd4+ Kg6 100. Qg4+ Kh7 101. Qf5+ Qg6 102. Qh3+ Kg7 103. Qh4 Qe4+ 0-1

[Site "Europe Echecs"]

[Event "Championnat d'Europe de Blitz"]
[Date "2024.12.09"]
[White "Gaponenko, Inna"]
[Black "Hamitevici, Vladimir"]
[WhiteElo "2343"]
[BlackElo "2423"]
[Round "13.46"]
[Result "0-1"]
[TimeControl "180+2"]

1. e4 c5 2. c3 d5 3. exd5 Qxd5 4. d4 Nf6 5. Nf3 Bg4 6. Be2 e6 7. h3 Bh5 8. O-O Nc6 9. Be3 cxd4 10. cxd4 Be7 11. Nc3 Qd6 12. Qb3 O-O 13. Rfd1 Qb4 14. d5 exd5 15. Nxd5 Nxd5 16. Rxd5 Bg6 17. Rd7 Qxb3 18. axb3 Bf6 19. Rxb7 Bxb2 20. Ra6 Rfc8 21. Bc4 Bc3 22. Nh4 Ne5 23. Nxg6 hxg6 24. Be2 Rd8 25.
Raxa7 Rxa7 26. Bxa7 Bd4 27. Bxd4 Rxd4 28. b4 Rd2 29. Bf1 Rd1 30. g3 Rb1 31. Kg2 Rb2 32. b5 f6 33. b6 Kh7 34. h4 Kh6 35. Ba6 Ng4 36. Rb8 g5 37. hxg5+ Kxg5 38. b7 Rxf2+ 39. Kg1 Ra2 40. Rg8 Ra1+ 41. Kg2 Ra2+ 42. Kf3 f5 43. Rxg7+ Kf6 44. b8=Q Rf2# 0-1

[Site "Europe Echecs"]

[Event "Championnat d'Europe de Blitz"]
[Date "2024.12.09"]
[White "Kukk, Sander"]
[Black "Nevednichy, Vladislav"]
[WhiteElo "2234"]
[BlackElo "2451"]
[Round "13.47"]
[Result "1-0"]
[TimeControl "180+2"]

1. b3 e5 2. Bb2 Nc6 3. e3 g6 4. Bb5 Bg7 5. Bxc6 bxc6 6. f4 d6 7. fxe5 dxe5 8. Nf3 f6 9. d3 Nh6 10. O-O O-O 11. Qe2 Nf7 12. Nbd2 Be6 13. e4 g5 14. Nc4 Nd6 15. Qe3 h5 16. Qc5 Nxc4 17. bxc4 Qd6 18. Ba3 Qxc5+ 19. Bxc5 Rfb8 20. Rab1 a6 21. Rb3 Rxb3 22. axb3 Bh6 23. Kf2 Re8 24. Ra1 Bc8 25. Ke2 Kf7 26. b4 h4 27. h3 Kg6 28. Nh2 Bf8 29. Bxf8 Rxf8 30. Ng4 Re8 31. Ne3 Kh5 32. c3 Rg8 33. Kf3 g4+ 34. hxg4+ Bxg4+ 35. Kf2 Bc8 36. d4 exd4 37. cxd4 Re8 38.
Ra5+ Kg6 39.
Kf3 Rd8 40.
d5 cxd5 41.
exd5 Kf7 42. Rc5 Rd7 43. Kf4 Re7 44. Nf5 Bxf5 45. Kxf5 Re5+ 46. Kf4 Re7 47. Rc6 Kg6 48. Rxa6 Re2 49. Kf3 Rc2 50. Rc6 Rc3+ 51. Kf2 Rc2+ 52. Kg1 Kg5 53. Kh2 Kg4 54. Rxf6 h3 55. Rg6+ Kf5 56. Rc6 hxg2 57. Rxc7 Kf4 58. c5 Kf3 59.
Rf7+ Ke4 60. d6 Rd2 61. b5 Ke5 62. b6 Ke6 63. Re7+ Kf6 64. b7 Rb2 65. c6 Rb6 66. c7 1-0

[Site "Europe Echecs"]

[Event "Championnat d'Europe de Blitz"]
[Date "2024.12.09"]
[White "Suljovic, Sulejman"]
[Black "Gatineau, Yovann"]
[WhiteElo "2182"]
[BlackElo "2363"]
[Round "13.48"]
[Result "1/2-1/2"]
[TimeControl "180+2"]

1. e4 e6 2. d4 d5 3. Nc3 Nf6 4. Bd3 c5 5. dxc5 Bxc5 6. Bg5 h6 7. Bh4 Nc6 8. Qe2 d4 9. Nd1 e5 10. Nf3 g5 11. Bg3 Bg4 12. h4 gxh4 13. Bxh4 Qd6 14. a3 a5 15. Qd2 Nh5 16. Nh2 Be6 17. f3 Nf4 18. g3 Ng6 19. Bf6 Rh7 20. Nf2 Kd7 21. Nhg4 h5 22. Bg5 Kc7 23. Nf6 Rhh8 24. Rxh5 Rxh5 25. Nxh5 Rh8 26. g4 b6 27. Bf6 Rb8 28. Nh1 b5 29. N1g3 b4 30. Nf5 Qd7 31. Bg5 bxa3 32. bxa3 Rb2 33. Nf6 Qc8 34. Nd5+ Bxd5 35. exd5 Nb4 36. d6+ Kb6 37. Ne7 Qh8 38. O-O-O Ra2 39. Nd5+ Nxd5 40. Bc4 Ra1+ 41. Kb2 Rxd1 42.
Qxd1 Nc3 43. Qd3 Qb8 44. d7 Kc6+ 45. Bb3 Kxd7 46. Qf5+ Kc6 47. Qxf7 Nf8 48. Qf6+ Kb5 49. a4+ Nxa4+ 50. Kc1 Nc3 51. Qf7 a4 52. Qc4+ Kb6 53. Bxa4 Nxa4 54. Qxa4 Nd7 55. Qxd7 Qa8 56. Qd8+ Qxd8 57. Bxd8+ Kc6 58. Bh4 Kd5 59. Kd2 e4 60.
fxe4+ Kxe4 61. Bg3 Kf3 62. Be5 Kxg4 63. Kd3 Kf5 64. Bxd4 Ba3 65. Kc4 Ke6 66.
Kb5 Kd7 67. c4 Kc8 68. Bc5 Bxc5 69. Kxc5 Kc7 70. Kd5 Kd7 71. c5 Kc7 1/2-1/2

[Site "Europe Echecs"]

[Event "Championnat d'Europe de Blitz"]
[Date "2024.12.09"]
[White "Promyshlyanskiy, Vitaliy"]
[Black "Kizov, Atanas"]
[WhiteElo "2279"]
[BlackElo "2396"]
[Round "13.49"]
[Result "0-1"]
[TimeControl "180+2"]

1. e4 d6 2. Nc3 Nf6 3. d4 e5 4. Nge2 c6 5. h3 h5 6. g3 b5 7. Bg2 Nbd7 8. a3 Bb7 9. O-O a6 10. f4 Be7 11. Kh2 Qc7 12. Qe1 O-O 13. dxe5 dxe5 14. Be3 Bc5 15. Qf2 Bxe3 16. Qxe3 Rfe8 17. f5 Rad8 18. Rad1 Qb6 19. Qg5 Nf8 20. Rd3 c5 21. Rfd1 c4 22. Rxd8 Rxd8 23. Rxd8 Qxd8 24. Qe3 Qc7 25. Bf3 N8d7 26. g4 hxg4 27. hxg4 Qc5 28. Qg1 Qxg1+ 29. Kxg1 g5 30. fxg6 fxg6 31. Kf2 Kf8 32. Ke3 Nc5 33. Ng1 Ne6 34. Nge2 g5 35. Ng3 Nd4 36. Bd1 Bc8 37. Nf5 Bxf5 38. exf5 Ke7 39. Ne4 Nxe4 40. Kxe4 Kd6 41.
c3 Nc6 42.
b3 Na5 43. b4 Nc6 44. Bc2 Ne7 45. f6 0-1

[Site "Europe Echecs"]

[Event "Championnat d'Europe de Blitz"]
[Date "2024.12.09"]
[White "Manea, Alexandru"]
[Black "Asllani, Muhamet"]
[WhiteElo "2272"]
[BlackElo "2112"]
[Round "13.50"]
[Result "0-1"]
[TimeControl "180+2"]

1. e4 e5 2. Qh5 Nc6 3. Bc4 Qf6 4. Nc3 Qg6 5. Qxg6 hxg6 6. Nb5 Bd6 7. Nxd6+ cxd6 8. Ne2 a6 9. a4 Nf6 10. d3 d5 11. exd5 Nb4 12. Bb3 Nbxd5 13. Bd2 d6 14. h3 Be6 15. a5 Rc8 16. c4 Nc7 17. O-O d5 18. Rac1 dxc4 19. dxc4 Kf8 20. Rfe1 Kg8 21. Nc3 Nd7 22. Ne4 f6 23. Bb4 Rh4 24. f3 Ne8 25. Red1 Nb8 26. Be1 Rh5 27. Ba4 Nc6 28. Nc5 Bf7 29. Nxb7 Nd4 30. Bxe8 Rxe8 31. Nd6 Re6 32. Nxf7 Ne2+ 33. Kf1 Nxc1 34. Nd8 Re8 35. c5 e4 36. b4 Nd3 37. Nb7 Ne5 38. f4 Nd3 39. b5 Nxc5 40. Nxc5 Rxc5 41. b6 Rb5 42. Rd7 Rc8 43. Re7 f5 44. g4 Rc1 45. gxf5 gxf5 46. Re5 Rbb1 47. Rxf5 Rxe1+ 48. Kf2 e3+ 49. Kf3 Rb3 50. Re5 Ra1 51. h4 Ra2 52. Re8+ Kf7 53. Re4 e2+ 54. Kf2 Rb1 0-1

[Site "Europe Echecs"]

[Event "Championnat d'Europe de Blitz"]
[Date "2024.12.09"]
[White "Bogoevski, Jani"]
[Black "Perunovic, Miodrag"]
[WhiteElo "2144"]
[BlackElo "2357"]
[Round "13.51"]
[Result "1-0"]
[TimeControl "180+2"]

1. d4 Nf6 2. Bf4 e6 3. e3 c5 4. Nf3 Nc6 5. c3 Nh5 6. Bg5 Qb6 7. Qb3 h6 8. Bh4 g5 9. Bg3 Nxg3 10. hxg3 Bg7 11. Nbd2 d5 12. Be2 Bd7 13. O-O g4 14. Ne1 h5 15. Qxb6 axb6 16. Nd3 c4 17. Nf4 b5 18. a3 f5 19. f3 Kd8 20. Kf2 Bf6 21. Rh1 h4 22. gxh4 Rxh4 23. Rxh4 Bxh4+ 24. g3 gxf3 25. Nxf3 Bf6 26. Rh1 Ne7 27. Rh6 Ng8 28. Rh7 Ra6 29. Ng6 Be8 30. Nge5 Ne7 31. Rh6 Bg7 32. Rh7 Bf6 33. g4 fxg4 34. Nxg4 Ng8 35. Nxf6 Nxf6 36. Ng5 Bg6 37. Rh6 Ne4+ 38. Nxe4 Bxe4 39. Kg3 Rb6 40. Kf4 e5+ 41. Kg5 Rxh6 42. Kxh6 exd4 43.
exd4 Ke7 44.
Kg5 Kd6 45. Kf6 Bc2 46. Bg4 b6 47. Bf5 Bd1 48. Bg6 Bb3 49. Be8 Ba4 50. Bf7 Bc2 51. Bh5 Bb3 52. Kf7 Bc2 53. Bg4 Bb3 54. Ke8 Bc2 55. Kd8 Bb3 56. Kc8 Ba4 57. Kb7 1-0

[Site "Europe Echecs"]

[Event "Championnat d'Europe de Blitz"]
[Date "2024.12.09"]
[White "Djurovic, Peko"]
[Black "Danov, Lyubomir"]
[WhiteElo "2253"]
[BlackElo "2297"]
[Round "13.52"]
[Result "0-1"]
[TimeControl "180+2"]

1. e4 e5 2. Nf3 Nc6 3. d4 exd4 4. Bc4 Nf6 5. O-O d6 6. Nxd4 Be7 7. Nc3 O-O 8. Nxc6 bxc6 9. Qf3 Nd7 10. Bf4 Bf6 11. Bb3 a5 12. a4 Rb8 13. Rfd1 Qe8 14. Rab1 Nc5 15. Bc4 Bxc3 16. bxc3 Rxb1 17. Rxb1 Qxe4 18. Qxe4 Nxe4 19. Rb8 Be6 20.
Rxf8+ Kxf8 21. Bxe6 fxe6 22. c4 Ke7 23.
Kf1 Nc3 24.
Bd2 Nxa4 25.
Bxa5 Kd7 26.
Bb4 c5 27. Ba5 Nb2 28. Bc3 Nxc4 29. Bxg7 e5 30. g4 e4 31. Ke2 Ke6 32. h4 Ne5 33. g5 Nf3 34. Ke3 d5 35. c4 c6 36. Bf8 Nxh4 37. Bxc5 Ke5 38. Bd4+ Kf5 39. cxd5 cxd5 40. Bf6 Nf3 41. Bd8 Nxg5 42. Kd4 Ne6+ 0-1

[Site "Europe Echecs"]

[Event "Championnat d'Europe de Blitz"]
[Date "2024.12.09"]
[White "Dobrikov, Marco"]
[Black "Radovanovic, Dusan"]
[WhiteElo "2407"]
[BlackElo "2274"]
[Round "13.53"]
[Result "1-0"]
[TimeControl "180+2"]

1. d3 d5 2. Nd2 Nf6 3. Ngf3 e6 4. g3 Be7 5. Bg2 O-O 6. O-O Nc6 7. e4 dxe4 8. dxe4 e5 9. c3 a5 10. a4 Be6 11. Qc2 Bc5 12. Ng5 Bd7 13. Nc4 h6 14. Nf3 Qe7 15. Nh4 Rad8 16. Ne3 Be6 17. Nhf5 Qd7 18. Rd1 Qc8 19. Bd2 Rfe8 20. Be1 h5 21. Rxd8 Rxd8 22. Rd1 Rxd1 23. Qxd1 g6 24. Nh4 Ng4 25. Nxg4 hxg4 26. Bf1 Kg7 27. Bd2 Qd7 28. Qe2 f6 29. Ng2 Ne7 30. Be3 Bxe3 31.
Nxe3 Qxa4 32. Nxg4 Qd7 33. Ne3 c6 34. h4 b5 35. h5 g5 36. Qf3 Ng8 37. Qe2 Nh6 38. f3 Qd6 39. Kf2 Qc5 40. Qc2 g4 41. Be2 gxf3 42. Bxf3 a4 43. Qd2 Nf7 44. Kg2 Ng5 45. Qd3 b4 46. Bg4 bxc3 47. bxc3 Bxg4 48. Nxg4 Qe7 49. Ne3 Qa7 50. Nf5+ Kh7 51. Qd8 Nxe4 52. Kh3 Nf2+ 53. Kh4 Ne4 54. Qf8 Qd7 55. Qh6+ Kg8 56. Qg6+ Kf8 57.
h6 Nd6 58.
Qxf6+ Kg8 59. Qg6+ Kh8 60. Nxd6 Qe7+ 61. Kh3 a3 62. Nf7+ [Site "Europe Echecs"]